 Dungeon Crawl Stone Soup version 0.26.1-11-gd32895ea62 (webtiles) character file.

Game seed: 4415284018659502215

149 Almogavar the Thaumaturge (level 5, -3/37 HPs)
             Began as a Gnoll Wanderer on Apr 18, 2021.
             Slain by Natasha (5 damage)
             ... on level 3 of the Dungeon.
             The game lasted 00:09:07 (4087 turns).

Almogavar the Thaumaturge (Gnoll Wanderer)          Turns: 4087, Time: 00:09:08

Health: -3/37      AC:  8    Str:  9 (11) XL:     5   Next: 31%
Magic:  18/18      EV: 10    Int: 12 (15) God:
Gold:   158        SH:  0    Dex: 16 (18) Spells: 26/26 levels left

rFire    . . .     SeeInvis +   a - +0 dagger
rCold    . . .     Faith    .   (no shield)
rNeg     . . .     Spirit   .   b - +0 ring mail (curse)
rPois    .         Reflect  .   (no helmet)
rElec    .         Harm     .   (no cloak)
rCorr    .         Rampage  .   i - +2 pair of gloves
Will     .....                  (no boots)
Stlth    ++........             (no amulet)
HPRegen  0.12/turn              g - ring of see invisible
MPRegen  0.16/turn              (no ring)

@: no status effects
A: distributed training, fangs 1, strong nose
a: no special abilities


You were on level 3 of the Dungeon.
You visited 1 branch of the dungeon, and saw 3 of its levels.

You collected 158 gold pieces.

Inventory:

Hand Weapons
 a - a +0 dagger (weapon)
Missiles
 k - 4 poisoned darts (quivered)
Armour
 b - a cursed +0 ring mail (worn)
 i - a +2 pair of gloves (worn)
Jewellery
 g - a ring of see invisible (left hand)
Scrolls
 c - a scroll of remove curse
 d - 3 scrolls of magic mapping {unknown}
 e - a scroll of blinking {unknown}
Potions
 m - a potion of brilliance {unknown}
 o - a potion of mutation {unknown}


   Skills:
 + Level 1.4 Fighting
 + Level 1.4 Short Blades
 + Level 1.4 Long Blades
 + Level 1.4 Axes
 + Level 1.4 Maces & Flails
 + Level 1.4 Polearms
 + Level 1.4 Staves
 + Level 1.4 Slings
 + Level 1.4 Bows
 + Level 1.4 Crossbows
 + Level 2.9 Throwing
 + Level 1.4 Armour
 + Level 1.4 Dodging
 + Level 2.7 Stealth
 + Level 1.4 Shields
 + Level 1.4 Unarmed Combat
 + Level 11.2 Spellcasting
 + Level 1.1 Conjurations
 + Level 1.1 Hexes
 + Level 1.1 Summonings
 + Level 1.1 Necromancy
 + Level 1.1 Translocations
 + Level 2.3 Transmutations
 + Level 1.1 Fire Magic
 + Level 1.1 Ice Magic
 + Level 1.1 Air Magic
 + Level 1.1 Earth Magic
 + Level 3.9 Poison Magic
 + Level 1.6 Invocations
 + Level 1.4 Evocations


You had 26 spell levels left.
You didn't know any spells.
Your spell library contained the following spells:

 Spells                   Type           Power        Failure   Level
 Beastly Appendage        Tmut           24%          11%         1
 Wereblood                Tmut           12%          17%         2
 Apportation              Tloc           18%          19%         1
 Spider Form              Tmut/Pois      7%           24%         3
 Portal Projectile        Hex/Tloc       18%          50%         3
 Ice Form                 Ice/Tmut       11%          80%         4
 Blade Hands              Tmut           6%           97%         5


Dungeon Overview and Level Annotations

Branches:
Dungeon (3/15)

Altars:
Dithmenos
Vehumet

Annotations:
D:3 Natasha


Innate Abilities, Weirdness & Mutations

Your experience applies equally to all skills.
You have very sharp teeth.
Your uncanny sense of smell can sniff out nearby items.


Message History

You kill the white imp!
You hit Natasha but do no damage.
The shadow imp disappears in a puff of smoke!
Natasha claws you.
* * * LOW HITPOINT WARNING * * *
You hit Natasha. You bite Natasha, but do no damage.
Natasha is lightly wounded.
Natasha claws you.
* * * LOW HITPOINT WARNING * * *
You hit Natasha.
Natasha is moderately wounded.
Natasha claws you!
* * * LOW HITPOINT WARNING * * *
You hit Natasha but do no damage.
Natasha is moderately wounded.
Natasha barely misses you.
You hit Natasha but do no damage.
Natasha is moderately wounded.
Natasha claws you.
You die...

§######....##+#...)..#
§##..................#
§.#)....##...........#
§#§#....# ..........#
_§§.....######.......###
.#§#....+...............
∆
§§#.....#######(.#######
.##.....########h# #####
.##..........# #@#∆
.'.## ∆ .............#
#(# ##..##
###..........###(#
#....##
###..............#
##.....##
........####.....#
#.......## ........#
#.)...#∆ ##......(.##
........# #.....#
#...#......# ........#
#...[.# ##...##....(.
........# #####.#∆
#...####....(


You could see Natasha.

Vanquished Creatures
  A scorpion (D:2)
  5 adders
  4 worms
  2 dart slugs (D:2)
  A ball python (D:3)
  2 giant cockroaches
  2 goblins (D:3)
  7 hobgoblins
  8 kobolds
  4 bats (D:2)
  2 frilled lizards
  3 rats
41 creatures vanquished.

Vanquished Creatures (others)
  A frilled lizard (D:2)
1 creature vanquished.

Grand Total: 42 creatures vanquished

Notes
Turn   | Place    | Note
-------+----------+-------------------------------------------
     0 | D:1      | Reached skill level 11 in Spellcasting
     0 | D:1      | Almogavar the Gnoll Wanderer began the quest for the Orb.
     0 | D:1      | Almogavar set off with the following items: a +0 dagger, 8
                  | poisoned darts, a +0 robe; and the following spells
                  | available to memorise: Beastly Appendage, Wereblood,
                  | Apportation, Spider Form, Portal Projectile, Ice Form,
                  | Blade Hands
     0 | D:1      | Reached XP level 1. HP: 13/13 MP: 12/12
   595 | D:1      | Reached XP level 2. HP: 19/19 MP: 14/14
  1176 | D:2      | Reached XP level 3. HP: 18/25 MP: 15/15
  1291 | D:2      | Found a radiant altar of Vehumet.
  1324 | D:2      | HP: 1/25 [worm (10)]
  1334 | D:2      | HP: 1/25 [worm (1)]
  1711 | D:2      | Reached skill level 1 in Invocations
  2045 | D:2      | Noticed a scorpion
  2068 | D:2      | Reached skill level 1 in Fighting
  2068 | D:2      | Reached skill level 1 in Short Blades
  2068 | D:2      | Reached skill level 1 in Long Blades
  2068 | D:2      | Reached skill level 1 in Axes
  2068 | D:2      | Reached skill level 1 in Maces & Flails
  2068 | D:2      | Reached skill level 1 in Polearms
  2068 | D:2      | Reached skill level 1 in Staves
  2068 | D:2      | Reached skill level 1 in Slings
  2068 | D:2      | Reached skill level 1 in Bows
  2068 | D:2      | Reached skill level 1 in Crossbows
  2068 | D:2      | Reached skill level 1 in Armour
  2068 | D:2      | Reached skill level 1 in Dodging
  2068 | D:2      | Reached skill level 1 in Shields
  2068 | D:2      | Reached skill level 1 in Unarmed Combat
  2068 | D:2      | Reached skill level 1 in Evocations
  2089 | D:2      | Killed a scorpion
  2090 | D:2      | Reached skill level 1 in Conjurations
  2090 | D:2      | Reached skill level 1 in Hexes
  2090 | D:2      | Reached skill level 1 in Summonings
  2090 | D:2      | Reached skill level 1 in Necromancy
  2090 | D:2      | Reached skill level 1 in Translocations
  2090 | D:2      | Reached skill level 1 in Fire Magic
  2090 | D:2      | Reached skill level 1 in Ice Magic
  2090 | D:2      | Reached skill level 1 in Air Magic
  2090 | D:2      | Reached skill level 1 in Earth Magic
  2090 | D:2      | Reached XP level 4. HP: 22/32 MP: 17/17
  2765 | D:2      | HP: 2/48 [adder (2)]
  2775 | D:2      | Reached XP level 5. HP: 16/37 MP: 18/18
  3311 | D:3      | HP: 1/37 [worm (1)]
  4000 | D:3      | Found a shadowy altar of Dithmenos.
  4059 | D:3      | Noticed Natasha
  4085 | D:3      | HP: 1/37 [Natasha (8)]
  4087 | D:3      | Slain by Natasha

Illustrated notes

Levels and vault maps discovered:
D:1:      heliophobic_arrival_henge, layout_loops_corners
D:2:      layout_rooms, fiery_altar_vehumet, minmay_liquid_box,
          nrook_mini_backslash
D:3:      minmay_razor_zed, layout_basic, minmay_misc_feat_more_columns,
          grunt_dithmenos_smoke_and_mirrors, uniq_natasha

Skill      XL: |  1  2  3 |
---------------+----------+-----
Spellcasting   | | 11.2
Transmutations | 2 |  2.3
Invocations    | 1 |  1.6
Fighting       | 1 |  1.4
Short Blades   | 1 |  1.4
Long Blades    | 1 |  1.4
Axes           | 1 |  1.4
Maces & Flails | 1 |  1.4
Polearms       | 1 |  1.4
Staves         | 1 |  1.4
Slings         | 1 |  1.4
Bows           | 1 |  1.4
Crossbows      | 1 |  1.4
Armour         | 1 |  1.4
Dodging        | 1 |  1.4
Shields        | 1 |  1.4
Unarmed Combat | 1 |  1.4
Evocations     | 1 |  1.4
Conjurations   | 1 |  1.1
Hexes          | 1 |  1.1
Summonings     | 1 |  1.1
Necromancy     | 1 |  1.1
Translocations | 1 |  1.1
Fire Magic     | 1 |  1.1
Ice Magic      | 1 |  1.1
Air Magic      | 1 |  1.1
Earth Magic    | 1 |  1.1
Throwing       | |  2.9
Stealth        | |  2.7
Poison Magic   | |  3.9

Action                   |  1- 3 |  4- 6 || total
-------------------------+-------+-------++-------
Melee: Dagger            |   109 |   187 ||   296
       Bite              |    15 |    12 ||    27
       Punch             |       |     2 ||     2
Throw: Dart              |    27 |    17 ||    44
  Use: Potion            |     2 |     5 ||     7
       Scroll            |       |     2 ||     2
 Stab: Sleeping          |     2 |       ||     2
Armor: Robe              |    29 |     1 ||    30
       Skin              |       |    24 ||    24
       Ring mail         |       |    68 ||    68
Dodge: Dodged            |    54 |    93 ||   147
